 Dungeon Crawl Stone Soup version 0.31-a0-187-gba352fbbf7 (webtiles) character file.

Game seed: 9965225456990580230

493 qw the Skirmisher (level 6, -2/35 HPs)
             Began as a Deep Elf Hunter on June 22, 2023.
             Slain by Pikel
             ... wielding a +0 whip of flaming
              (7 damage)
             ... on level 4 of the Dungeon.
             The game lasted 00:01:10 (2748 turns).

qw the Skirmisher (Deep Elf Hunter)                 Turns: 2748, Time: 00:01:10

Health: -2/35      AC:  6    Str: 10    XL:     6   Next: 92%
Magic:  8/8        EV: 11    Int: 14    God:
Gold:   17         SH:  0    Dex: 18    Spells: 5/5 levels left

rFire   . . .        Y - +4 shortbow (freeze)
rCold   . . .        (shield currently unavailable)
rNeg    . . .        g - +1 ring mail
rPois   .            (no helmet)
rElec   .            (no cloak)
rCorr   +            (no gloves)
SInv    .            (no boots)
Will    .....        (no amulet)
Stlth   +            f - ring of resist corrosion
HPRegen 0.25/turn    (no ring)
MPRegen 0.11/turn

%: no passive effects
@: about to teleport
A: no striking features
a: no special abilities


You were on level 4 of the Dungeon.
You visited 1 branch of the dungeon, and saw 4 of its levels.

You collected 148 gold pieces.
You spent 131 gold pieces at shops.


   Skills:
 - Level 2.0 Fighting
 + Level 10.3 Ranged Weapons
 - Level 3.6 Dodging
 - Level 1.2 Stealth


You had 5 spell levels left.
You didn't know any spells.
Your spell library was empty.

Inventory:

Hand Weapons
 Y - a +4 shortbow of freezing (weapon)
Armour
 g - a +1 ring mail (worn)
Jewellery
 f - a ring of resist corrosion (left hand)
Scrolls
 a - 3 scrolls of teleportation
 e - 3 scrolls of identify
Potions
 c - a potion of enlightenment
 h - a potion of haste

Dungeon Overview and Level Annotations

Branches:
Dungeon (4/15)
 Temple: D:4-7

Altars:
Cheibriados
Fedhas
Kikubaaqudgha
Trog

Shops:
D:2 :   D:4 ?(?

Annotations:
D:4 Pikel


Message History

You kill the orc!
You shoot an arrow. The arrow hits the lemure.
The arrow freezes the lemure.
The lemure is moderately wounded.
The lemure completely misses you.
You shoot an arrow. The arrow hits the lemure.
The arrow freezes the lemure.
The lemure is moderately wounded.
The lemure hits you but does no damage.
You shoot an arrow. The arrow hits the lemure.
The arrow freezes the lemure.
The lemure is severely wounded.
The lemure hits you.
You shoot an arrow. The arrow barely misses the lemure.
The arrow hits the goblin!
The arrow freezes the goblin.
You kill the goblin!
You shoot an arrow. The arrow hits Pikel.
The arrow freezes Pikel.
Pikel is lightly wounded.
You shoot an arrow. The arrow hits Pikel.
The arrow freezes Pikel.
Pikel is moderately wounded.
Pikel hits you with a +0 whip of flaming!
Pikel burns you.
Pikel hits you with a +0 whip of flaming.
Pikel burns you.
You shoot an arrow. The arrow closely misses Pikel.
The arrow hits the lemure.
The arrow freezes the lemure.
The lemure is severely wounded.
Pikel hits you with a +0 whip of flaming.
Pikel burns you.
You shoot an arrow. The arrow hits Pikel.
The arrow freezes Pikel.
Pikel is heavily wounded.
Pikel hits you with a +0 whip of flaming.
Pikel burns you.
2747 ||| READING 4 scrolls of teleportation.
As you read the scroll of teleportation, it crumbles to dust.
You feel strangely unstable. Pikel closely misses you.
You shoot an arrow. The arrow closely misses Pikel.
The arrow hits the lemure.
The arrow freezes the lemure.
You kill the lemure!
That felt strangely unrewarding.
Pikel hits you with a +0 whip of flaming!
You die...

##......## #.. ##......##
#.. ##......## #..
##......## #..
.##......###.#
#K.##......##..
###)5.###......#..
###.K5###......#+#..
#..@###......### #..
#.###......### #..
#'#......### #..
###......### #..
#......### #..
.....#..### #..
..#..##################..
# ## #......##.....#..#
#.....##....#.....


You could see Pikel, 2 lemures and a kobold.

Vanquished Creatures
  A water moccasin (D:3)
  2 lemures (D:4)
  A scorpion (D:4)
  2 orc priests
  A sleepcap (D:4)
  Natasha (thrice) (D:3)
  7 adders
  2 worms
  4 dart slugs
  8 orcs
  6 ball pythons
  6 endoplasms
  4 giant cockroaches
  10 goblins
  8 hobgoblins
  2 jackals (D:4)
  8 kobolds
  4 quokkas
  3 bats
  2 frilled lizards (D:1)
  5 rats
89 creatures vanquished.

Notes
Turn   | Place    | Note
-------+----------+-------------------------------------------
     0 | D:1      | qw the Deep Elf Hunter began the quest for the Orb.
     0 | D:1      | Reached XP level 1. HP: 12/12 MP: 3/3
     0 | D:1      | 0 ||| qw: Version: 0.3-a-9-g12657ce
     0 | D:1      | 0 ||| qw: Game counter: 2209
     0 | D:1      | 0 ||| qw: Always use a shield: true
     0 | D:1      | 0 ||| qw: God list: Okawaru
     0 | D:1      | 0 ||| qw: Allow faded altars: false
     0 | D:1      | 0 ||| qw: Do Orc after D:15 true
     0 | D:1      | 0 ||| qw: Do second Lair branch before Depths: true
     0 | D:1      | 0 ||| qw: Lair rune preference: random
     0 | D:1      | 0 ||| qw: Plans: Normal
     0 | D:1      | 0 ||| PLANNING D:1-11
   149 | D:1      | Reached XP level 2. HP: 16/16 MP: 4/4
   216 | D:1      | Reached skill level 6 in Ranged Weapons
   507 | D:1      | Found a faded altar of an unknown god.
   838 | D:1      | 838 ||| UPGRADING to +0 ring mail.
   848 | D:1      | 848 ||| DROPPING +0 leather armour.
   849 | D:1      | 849 ||| UPGRADING to ring of resist corrosion.
   850 | D:1      | 850 ||| READING 2 scrolls labelled GUURPH JAGG.
   851 | D:1      | 851 ||| READING 3 scrolls labelled HATOAQ WIKYRYIMM.
   852 | D:1      | 852 ||| READING scroll labelled TUKASA ZEPROWK.
   855 | D:1      | 855 ||| READING scroll labelled EPSOL EXIPARI.
   856 | D:1      | 856 ||| READING scroll labelled QEIBOV AGGYMP.
   857 | D:1      | 857 ||| DROPPING scroll of revelation.
   858 | D:1      | 858 ||| DROPPING scroll of butterflies.
   892 | D:2      | Reached XP level 3. HP: 17/20 MP: 5/5
   954 | D:2      | Reached skill level 7 in Ranged Weapons
  1143 | D:2      | Reached XP level 4. HP: 23/25 MP: 6/6
  1204 | D:2      | Reached skill level 8 in Ranged Weapons
  1206 | D:2      | Found Aqobeuce's Vocational Training.
  1590 | D:2      | 1590 ||| DROPPING ring of magical power.
  1591 | D:2      | 1591 ||| READING 3 scrolls labelled LOLIST MUUMUH.
  1592 | D:2      | 1592 ||| DROPPING 2 scrolls of blinking.
  1697 | D:3      | Noticed Natasha
  1698 | D:3      | 1698 ||| FLEEEEING.
  1706 | D:3      | Killed Natasha
  1707 | D:3      | Reached XP level 5. HP: 28/29 MP: 7/7
  1820 | D:3      | 1820 ||| READING scroll of brand weapon.
  1820 | D:3      | 1820 ||| BRANDING +1 shortbow of flaming.
  1865 | D:3      | Reached skill level 9 in Ranged Weapons
  1949 | D:3      | 1949 ||| Stepping ~*~*~tactically~*~*~ (outnumbered).
  2003 | D:3      | Noticed Natasha
  2007 | D:3      | Killed Natasha
  2035 | D:3      | Found a blossoming altar of Fedhas.
  2035 | D:3      | Found an ancient bone altar of Kikubaaqudgha.
  2036 | D:3      | Found a snail-covered altar of Cheibriados.
  2079 | D:3      | Found a bloodstained altar of Trog.
  2100 | D:3      | Noticed a water moccasin
  2106 | D:3      | Killed a water moccasin
  2107 | D:3      | Reached XP level 6. HP: 35/35 MP: 8/8
  2150 | D:3      | Noticed Natasha
  2157 | D:3      | Killed Natasha
  2158 | D:3      | Reached skill level 10 in Ranged Weapons
  2331 | D:3      | 2331 ||| READING scroll labelled DAJUEMEDOR.
  2332 | D:3      | 2332 ||| READING scroll labelled ZUCWORHEEX.
  2333 | D:3      | 2333 ||| READING 5 scrolls of identify.
  2333 | D:3      | 2333 ||| IDENTIFYING orange potion
  2334 | D:3      | 2334 ||| READING 4 scrolls of identify.
  2334 | D:3      | 2334 ||| IDENTIFYING viscous pink potion
  2335 | D:3      | 2335 ||| READING 3 scrolls of identify.
  2335 | D:3      | 2335 ||| IDENTIFYING glowing puce potion
  2336 | D:3      | 2336 ||| READING 2 scrolls of identify.
  2336 | D:3      | 2336 ||| IDENTIFYING bubbling golden potion
  2337 | D:3      | 2337 ||| DROPPING potion of magic.
  2338 | D:3      | 2338 ||| DROPPING potion of attraction.
  2407 | D:4      | Found Jerel's Magic Scroll Shop.
  2412 | D:4      | Identified the +7 scimitar of the Everdark {freeze, Fly}
  2434 | D:4      | 2434 ||| BUYING scroll of enchant armour (105 gold).
  2434 | D:4      | Bought a scroll of enchant armour for 105 gold pieces
  2434 | D:4      | 2434 ||| SHOPLISTING scroll of identify (28 gold, have 8).
  2435 | D:4      | 2435 ||| READING scroll of enchant armour.
  2435 | D:4      | 2435 ||| ENCHANTING +0 ring mail.
  2459 | D:4      | Found Opogruim's Antique Weapon Shop.
  2468 | D:4      | 2468 ||| SHOPLISTING glowing orcbow (175 gold, have 8).
  2468 | D:4      | 2468 ||| SHOPLISTING runed shortbow (162 gold, have 8).
  2565 | D:4      | Found Qucwepn's Magic Scroll Shoppe.
  2574 | D:4      | 2574 ||| BUYING scroll of identify (26 gold).
  2574 | D:4      | Bought a scroll of identify for 26 gold pieces
  2574 | D:4      | 2574 ||| SHOPLISTING scroll of teleportation (39 gold, have
                  | 5).
  2587 | D:4      | Reached skill level 3 in Dodging
  2706 | D:4      | 2706 ||| READING 3 scrolls of enchant weapon.
  2706 | D:4      | 2706 ||| ENCHANTING +1 shortbow of freezing.
  2707 | D:4      | 2707 ||| READING 2 scrolls of enchant weapon.
  2707 | D:4      | 2707 ||| ENCHANTING +2 shortbow of freezing.
  2708 | D:4      | 2708 ||| READING scroll of enchant weapon.
  2708 | D:4      | 2708 ||| ENCHANTING +3 shortbow of freezing.
  2735 | D:4      | Noticed Pikel
  2746 | D:4      | HP: 6/35 [Pikel/+0 whip of flaming (3)]
  2747 | D:4      | 2747 ||| READING 4 scrolls of teleportation.
  2748 | D:4      | Slain by Pikel

Levels and vault maps discovered:
D:1:      saegor_arrival_miasma, layout_loops_ring, serial_rivers,
          chequers_serial_rivers_room_a, chequers_serial_rivers_room_b,
          chequers_serial_rivers_small_b, chequers_serial_rivers_large_a,
          chequers_serial_rivers_small_b, hellmonk_ecumenical_altar_crossroads,
          chequers_serial_rivers_room_a
D:2:      layout_loops_cross, grunt_ministairs_7, minmay_misc_feat_tower,
          nicolae_shop_vocational
D:3:      minmay_spotlight, layout_basic, nicolae_overflow_quartered_altars,
          serial_curves, eino_curves_01, eino_curves_01, uniq_natasha
D:4:      minmay_razor_zed, layout_cave_pools, serial_shops, shop, shop, shop,
          uniq_pikel

Skill      XL: |  1  2  3  4  5  6 |
---------------+-------------------+-----
Ranged Weapons | 6 7 8 9 10 | 10.3
Fighting       | 2 |  2.0
Dodging        | 3 |  3.6
Stealth        | |  1.2

Action                     |  1- 3 |  4- 6 || total
---------------------------+-------+-------++-------
   Fire: Shortbow          |    95 |   156 ||   251
    Use: Scroll            |     5 |    13 ||    18
 Armour: Leather armour    |    12 |       ||    12
         Ring mail         |     3 |    11 ||    14
  Dodge: Dodged            |    30 |    26 ||    56

Table legend:
 A = Non-vault XP
 B = Vault XP
 C = Vault XP percentage of total XP
 D = Non-vault monster count
 E = Vault monster count
 F = Vault count percentage of total count
                 A         B        C        D         E       F
            +---------+---------+-------+---------+---------+-------
      Total |     654 |      51 |   7.2 |      76 |      11 |  12.6
            +---------+---------+-------+---------+---------+-------
        D:1 |      38 |       0 |   0.0 |      21 |       0 |   0.0
        D:2 |     132 |       3 |   2.2 |      19 |       2 |   9.5
        D:3 |     320 |      43 |  11.8 |      21 |       6 |  22.2
        D:4 |     164 |       5 |   3.0 |      15 |       3 |  16.7
            +---------+---------+-------+---------+---------+-------
